 Dungeon Crawl Stone Soup version 0.24.1-1-gd1d2a07e1b (webtiles) character file.

Game seed: 7159174709371772337, levelgen mode: deterministic

91 MajorAdolf the Magician (level 4, -8/55 HPs)
             Began as a Naga Wanderer on Apr 9, 2020.
             Killed by divine providence
             ... invoked by an orc priest
              (9 damage)
             ... on level 3 of the Dungeon.
             The game lasted 00:07:15 (3349 turns).

MajorAdolf the Magician (Naga Wanderer)             Turns: 3349, Time: 00:07:15

Health: -8/55      AC: 22    Str: 14    XL:     4   Next: 59%
Magic:  9/11       EV:  1    Int: 14    God:
Gold:   89         SH:  3    Dex: 10    Spells: 11/13 levels left

rFire    . . .     SeeInvis +   f - +0 dagger
rCold    . . .     Gourm    .   (no shield)
rNeg     + + +     Faith    .   (armour currently unavailable)
rPois    +         Spirit   .   (helmet currently unavailable)
rElec    .         Reflect  +   (cloak currently unavailable)
rCorr    .         Harm     .   (gloves currently unavailable)
MR       .....     NoTele   +   (no barding)
Stlth    ++........             e - +3 amulet of reflection
HPRegen  0.18/turn              (no ring)
MPRegen  0.12/turn              (no ring)

@: tree-form
A: large, see invisible, slow metabolism 1, spit poison 1, AC +1
a: Spit Poison


You were on level 3 of the Dungeon.
You were not hungry.
You were a tree.
You visited 1 branch of the dungeon, and saw 3 of its levels.

You collected 89 gold pieces.

Inventory:

Hand Weapons
 f - a +0 dagger (weapon)
 n - a +0 hand axe
Armour
 d - a +0 robe
 m - a +2 hat (melded)
 o - a +0 ring mail (melded)
Jewellery
 e - a +3 amulet of reflection (around neck)
Scrolls
 i - a scroll of fog {unknown}
 l - a scroll of enchant weapon {unknown}
 s - a scroll of remove curse {unknown}
 t - a scroll of teleportation {unknown}
Potions
 a - 2 potions of curing
 b - a potion of flight {unknown}
 c - a potion of lignification
 h - a potion of invisibility
 j - a potion of might {unknown}
 k - a potion of haste {unknown}
 p - a potion of mutation {unknown}
 q - a potion of magic {unknown}
 r - a potion of degeneration {unknown}
Comestibles
 g - 7 rations


   Skills:
 + Level 0.6 Fighting
 + Level 0.6 Axes
 + Level 1.7 Armour
 + Level 2.1 Dodging
 + Level 3.5 Stealth
 - Level 5.0 Spellcasting
   Level 2.0 Hexes
 - Level 1.0 Summonings


You had 11 spell levels left.
You knew the following spells:

 Your Spells              Type           Power        Failure   Level  Hunger
a - Call Imp              Summ           #.......     17%         2    ##.....

Your spell library contained the following spells:

 Spells                   Type           Power        Failure   Level  Hunger
 Slow                     Hex            #.......     12%         2    ##.....
 Magic Dart               Conj           #...         17%         1    None
 Sandblast                Erth           #.....       17%         1    None
 Blink                    Tloc           N/A          26%         2    ##.....
 Conjure Flame            Conj/Fire      #.......     45%         3    ###....
 Mephitic Cloud           Conj/Pois/Air  #.......     45%         3    ###....
 Stone Arrow              Conj/Erth      #.....       45%         3    ###....


Dungeon Overview and Level Annotations

Branches:
Dungeon (3/15)

Altars:
Ashenzari
Xom


Innate Abilities, Weirdness & Mutations

You cannot wear boots.
((Your serpentine skin is tough. (AC +1)))
You have supernaturally acute eyesight. (SInv)
((Armour fits poorly on your strangely shaped body.))
((Your system is resistant to poisons. (rPois)))
((You cover ground very slowly.))
You have a slow metabolism.
You can spit poison.


Message History

You hit the orc priest but do no damage.
The orc priest is moderately wounded.
The orc priest calls upon Beogh to heal the orc priest.
The orc priest's wounds heal themselves!
You hit the orc priest but do no damage.
The orc priest hits you but does no damage.
The orc priest looks satisfied for a moment.
You barely miss the orc priest.
The orc priest hits you with a +0 war axe.
Your crimson imp blinks!
You closely miss the orc priest.
The orc priest hits you but does no damage.
Your crimson imp hits the orc priest but does no damage.
The orc priest invokes the aid of Beogh against you.
Beogh smites you!
* * * LOW HITPOINT WARNING * * *
You barely miss the orc priest.
The orc priest mumbles some strange prayers to Beogh against you.
Beogh smites you!
You die...

#...#
#..#
#.##
#.#
#.##
#5.#
##o#
#o#
#♣#
#.#
..#
####


You could see 2 orc priests and a friendly crimson imp.

Vanquished Creatures
  An adder (D:2)
  2 oozes (D:1)
  3 leopard geckos
  An orc (D:2)
  9 bats
  4 giant cockroaches
  5 goblins
  6 hobgoblins
  11 jackals
  A quokka (D:3)
  A ball python (D:1)
  3 frilled lizards (D:1)
  6 kobolds
  3 rats
56 creatures vanquished.

Vanquished Creatures (collateral kills)
  An adder (D:2)
  2 orcs (D:2)
3 creatures vanquished.

Grand Total: 59 creatures vanquished

Notes
Turn   | Place    | Note
-------+----------+-------------------------------------------
     0 | D:1      | MajorAdolf the Naga Wanderer began the quest for the Orb.
     0 | D:1      | MajorAdolf set off with the following items: a +0 club, a
                  | potion of lignification, a +0 robe, a +0 dagger, a ration;
                  | and the following spells available to memorise: Slow, Magic
                  | Dart, Sandblast, Call Imp, Blink, Conjure Flame, Mephitic
                  | Cloud, Stone Arrow
     0 | D:1      | Reached XP level 1. HP: 15/15 MP: 6/6
   158 | D:1      | Reached skill level 1 in Dodging
   337 | D:1      | Reached XP level 2. HP: 19/22 MP: 8/8
   591 | D:1      | Reached skill level 1 in Armour
   976 | D:1      | Reached XP level 3. HP: 20/28 MP: 9/9
  1762 | D:1      | Learned a level 2 spell: Call Imp
  1968 | D:2      | Reached XP level 4. HP: 27/36 MP: 11/11
  2040 | D:2      | Found a shattered altar of Ashenzari.
  2278 | D:2      | Found a shimmering altar of Xom.
  3348 | D:3      | HP: 1/55 [orc priest/divine providence (16)]
  3349 | D:3      | Killed from afar by an orc priest

Levels and vault maps discovered:
D:1:      dpeg_arrival_shelter, layout_basic, minmay_3d_cube
D:2:      layout_rooms, ashenzari_conservatory_becter, xom_teletrap_fun
D:3:      layout_loops_ring, nicolae_overflow_crystal_walls, first_ration,
          minmay_rat_hole, uniq_natasha, uniq_terence

Skill      XL: |  1  2  3 |
---------------+----------+-----
Dodging        | 1 2 |  2.1
Armour         | 1 |  1.7
Fighting       | |  0.6
Axes           | |  0.6
Stealth        | |  3.5
Spellcasting   | |  5.0
Hexes          | |  2.0
Summonings     | |  1.0

Action                   |  1- 3 |  4- 6 || total
-------------------------+-------+-------++-------
Melee: Dagger            |   153 |   126 ||   279
 Cast: Call Imp          |       |    11 ||    11
 Abil: Spit Poison       |    29 |     7 ||    36
  Use: Scroll            |     1 |     2 ||     3
       Potion            |       |     1 ||     1
 Stab: Sleeping          |     2 |       ||     2
  Eat: Chunk             |     3 |     5 ||     8
Armor: Robe              |    47 |       ||    47
       Ring mail         |    25 |    60 ||    85
       Skin              |       |     9 ||     9
Dodge: Dodged            |   104 |    69 ||   173
Block: Other             |    22 |    17 ||    39
       Reflection        |       |     1 ||     1
